SA
FORT WORTH PANTHERS @ PROVO MANGO
05/10/2020
 
TOP OF THE 1ST
Fort Worth Panthers batting - Pitching for Provo Mango : RHP Jim Unknown
Pitching: RHP Jim Unknown
Batting: RHB Esteban Garza 0-0: Swinging Strike
0-1: Ball
1-1: Bunted foul
1-2: Ground out 6-3 (Groundball, 6M)
Batting: RHB José Casarreal 0-0: Ground out 4-3 (Groundball, 4M)
Batting: LHB Barton McCann 0-0: Swinging Strike
0-1: Ball
1-1: Ground out 4-3 (Groundball, 34)
Top of the 1st over - 0 run(s), 0 hit(s), 0 error(s), 0 left on base; Fort Worth 0 - Provo 0
BOTTOM OF THE 1ST
Provo Mango batting - Pitching for Fort Worth Panthers : RHP Juan Díaz
Pitching: RHP Juan Díaz
Batting: RHB Jim Unknown 0-0: Ball
1-0: SINGLE (Flyball, 8RS)
Batting: RHB Logan Manning 0-0: Swinging Strike
0-1: Foul Ball, location: 2F
0-2: Foul Ball, location: 2F
0-2: Fly out, F8 (Line Drive, 8RM)
Batting: LHB Jim Unknown 0-0: Called Strike
0-1: Ball
1-1: 2-RUN HOME RUN (Line Drive, 89XD), Distance : 433 ft
Batting: SHB Jim Unknown 0-0: SINGLE (Groundball, 5D)
Batting: RHB Jim Unknown 0-0: Fly out, F4 (Popup, 3D)
Batting: LHB Jim Unknown 0-0: Ball
1-0: Fly out, F9 (Flyball, 89M)
Bottom of the 1st over - 2 run(s), 3 hit(s), 0 error(s), 1 left on base; Fort Worth 0 - Provo 2
TOP OF THE 2ND
Fort Worth Panthers batting - Pitching for Provo Mango : RHP Jim Unknown
Batting: LHB Alex Ford 0-0: Called Strike
0-1: Called Strike
0-2: Ball
1-2: Ball
2-2: Ball
3-2: Strikes out swinging
Batting: RHB Harrison Blackford 0-0: Ball
1-0: Called Strike
1-1: Foul Ball, location: 2F
1-2: Ball
2-2: Strikes out swinging
Batting: RHB Alfonso Baca 0-0: Ground out 6-3 (Groundball, 6)
Top of the 2nd over - 0 run(s), 0 hit(s), 0 error(s), 0 left on base; Fort Worth 0 - Provo 2
BOTTOM OF THE 2ND
Provo Mango batting - Pitching for Fort Worth Panthers : RHP Juan Díaz
Batting: LHB Sixto Álvarez 0-0: Ball
1-0: Foul Ball, location: 2F
1-1: Called Strike
1-2: Foul Ball, location: 2F
1-2: Ground out 4-3 (Groundball, 4S)
Batting: LHB Chris McKinney 0-0: Ball
1-0: Called Strike
1-1: Fly out, F8 (Flyball, 8RM)
Batting: LHB Jim Unknown 0-0: Ball
1-0: Foul Ball, location: 2F
1-1: Called Strike
1-2: Ball
2-2: Ball
3-2: Foul Ball, location: 2F
3-2: Foul Ball, location: 2F
3-2: Fly out, F7 (Line Drive, 78M)
Bottom of the 2nd over - 0 run(s), 0 hit(s), 0 error(s), 0 left on base; Fort Worth 0 - Provo 2
TOP OF THE 3RD
Fort Worth Panthers batting - Pitching for Provo Mango : RHP Jim Unknown
Batting: RHB Bill Allen 0-0: Hit by Pitch
Batting: RHB Vincent Klein 0-0: Ball
1-0: Called Strike
1-1: Swinging Strike
1-2: Foul Ball, location: 2F
1-2: Fly out, F3 (Popup, 23F)
Batting: RHB Jim Unknown 0-0: Ball
1-0: Called Strike
1-1: Ball
2-1: Ball
3-1: Swinging Strike
3-2: Ground out 5-3 (Groundball, 5S)
Bill Allen to second
Batting: RHB Esteban Garza 0-0: Called Strike
0-1: Ball
1-1: Ball
2-1: Foul Ball, location: 2F
2-2: Ground out 5-3 (Groundball, 5)
Top of the 3rd over - 0 run(s), 0 hit(s), 0 error(s), 1 left on base; Fort Worth 0 - Provo 2
BOTTOM OF THE 3RD
Provo Mango batting - Pitching for Fort Worth Panthers : RHP Juan Díaz
Batting: RHB Jim Unknown 0-0: Ball
Error on foul ball, E7
1-1: Ball
2-1: Ball
3-1: Foul Ball, location: 2F
3-2: Fly out, F8 (Flyball, 89M)
Batting: RHB Logan Manning 0-0: Foul Ball, location: 2F
0-1: Swinging Strike
0-2: Ball
1-2: Foul Ball, location: 2F
1-2: Fly out, F9 (Flyball, 9S)
Batting: LHB Jim Unknown 0-0: Ball
1-0: Fly out, F9 (Flyball, 9LM)
Bottom of the 3rd over - 0 run(s), 0 hit(s), 1 error(s), 0 left on base; Fort Worth 0 - Provo 2
TOP OF THE 4TH
Fort Worth Panthers batting - Pitching for Provo Mango : RHP Jim Unknown
Batting: RHB José Casarreal 0-0: Ball
1-0: Ball
2-0: Foul Ball, location: 2F
2-1: SINGLE (Groundball, 4D)
Batting: LHB Barton McCann 0-0: Called Strike
0-1: Ball
1-1: Ball
2-1: Fly out, F7 (Flyball, 7LM)
Batting: LHB Alex Ford 0-0: Called Strike
0-1: Hit by Pitch
José Casarreal to second
Batting: RHB Harrison Blackford 0-0: Grounds into double play, 6-4-3 (Groundball, 6)
Top of the 4th over - 0 run(s), 1 hit(s), 0 error(s), 1 left on base; Fort Worth 0 - Provo 2
BOTTOM OF THE 4TH
Provo Mango batting - Pitching for Fort Worth Panthers : RHP Juan Díaz
Batting: SHB Jim Unknown 0-0: Ball
1-0: Swinging Strike
1-1: Ball
2-1: Fly out, F8 (Flyball, 8LS)
Batting: RHB Jim Unknown 0-0: Ball
1-0: Ball
2-0: SINGLE (Groundball, 3S)
Batting: LHB Jim Unknown 0-0: Swinging Strike
0-1: Ball
1-1: Ball
2-1: Foul Ball, location: 2F
2-2: Fly out, F6 (Line Drive, 6M)
Batting: LHB Sixto Álvarez 0-0: Swinging Strike
0-1: Foul Ball, location: 2F
0-2: Strikes out looking
Bottom of the 4th over - 0 run(s), 1 hit(s), 0 error(s), 1 left on base; Fort Worth 0 - Provo 2
TOP OF THE 5TH
Fort Worth Panthers batting - Pitching for Provo Mango : RHP Jim Unknown
Batting: RHB Alfonso Baca 0-0: Ground out 5-3 (Groundball, 5)
Batting: RHB Bill Allen 0-0: Swinging Strike
0-1: Ball
1-1: Ball
2-1: Foul Ball, location: 2F
2-2: Strikes out swinging
Batting: RHB Vincent Klein 0-0: Ground out 5-3 (Groundball, 56S)
Top of the 5th over - 0 run(s), 0 hit(s), 0 error(s), 0 left on base; Fort Worth 0 - Provo 2
BOTTOM OF THE 5TH
Provo Mango batting - Pitching for Fort Worth Panthers : RHP Juan Díaz
Batting: LHB Chris McKinney 0-0: Fly out, F8 (Flyball, 8RM)
Batting: LHB Jim Unknown 0-0: Foul Ball, location: 2F
0-1: Swinging Strike
0-2: Foul Ball, location: 2F
0-2: Ball
1-2: Strikes out swinging
Batting: RHB Jim Unknown 0-0: Called Strike
0-1: Ball
1-1: Ball
2-1: Ground out 2-3 (Groundball, 2R)
Bottom of the 5th over - 0 run(s), 0 hit(s), 0 error(s), 0 left on base; Fort Worth 0 - Provo 2
TOP OF THE 6TH
Fort Worth Panthers batting - Pitching for Provo Mango : RHP Jim Unknown
Batting: RHB Jim Unknown 0-0: Called Strike
0-1: Ball
1-1: Called Strike
1-2: Ball
2-2: Ground out 5-3 (Groundball, 5)
Batting: RHB Esteban Garza 0-0: Ground out 6-3 (Groundball, 6)
Batting: RHB José Casarreal 0-0: Foul Ball, location: 2F
0-1: Ball
1-1: Ball
2-1: Foul Ball, location: 2F
2-2: Ball
3-2: Strikes out swinging
Top of the 6th over - 0 run(s), 0 hit(s), 0 error(s), 0 left on base; Fort Worth 0 - Provo 2
BOTTOM OF THE 6TH
Provo Mango batting - Pitching for Fort Worth Panthers : RHP Juan Díaz
Batting: RHB Logan Manning 0-0: Ball
1-0: Ball
2-0: Foul Ball, location: 2F
2-1: Ball
3-1: Foul Ball, location: 2F
3-2: Foul Ball, location: 2F
3-2: SINGLE (Groundball, 4MD)
Batting: LHB Jim Unknown 0-0: Ball
1-0: Fly out, F7 (Flyball, 7M)
Batting: SHB Jim Unknown 0-0: Swinging Strike
0-1: Grounds into double play, U3-6 (Groundball, 3L)
Bottom of the 6th over - 0 run(s), 1 hit(s), 0 error(s), 0 left on base; Fort Worth 0 - Provo 2
TOP OF THE 7TH
Fort Worth Panthers batting - Pitching for Provo Mango : RHP Jim Unknown
Batting: LHB Barton McCann 0-0: SINGLE (Groundball, 4MD)
Batting: LHB Alex Ford 0-0: SINGLE (Groundball, 4MD) (infield hit)
Barton McCann to second
Batting: RHB Harrison Blackford 0-0: Swinging Strike
0-1: Ball
1-1: Foul Ball, location: 2F
1-2: Strikes out looking
Batting: RHB Alfonso Baca 0-0: DOUBLE (Line Drive, 8LS)
Barton McCann scores
Alex Ford to third
Pinch Hitting: RHB Jim Unknown 0-0: Ball
1-0: Ball
2-0: Ball
3-0: Base on Balls
Batting: RHB Vincent Klein 0-0: Ball
1-0: SINGLE (Line Drive, 4D)
Alex Ford scores
Alfonso Baca to third
Jim Unknown to second
Batting: RHB Jim Unknown 0-0: Fly out, F9 (Flyball, 9LS)
0-0: Lined into DP, 9-5 (Flyball, 9LS)
Top of the 7th over - 2 run(s), 4 hit(s), 0 error(s), 2 left on base; Fort Worth 2 - Provo 2
BOTTOM OF THE 7TH
Provo Mango batting - Pitching for Fort Worth Panthers : RHP Juan Díaz
Now at 3B: Jim Unknown
Batting: RHB Jim Unknown 0-0: Fly out, F9 (Line Drive, 89D)
Batting: LHB Jim Unknown 0-0: Ball
1-0: Called Strike
1-1: Ball
2-1: Ball
3-1: Called Strike
3-2: Base on Balls
Pitching: LHP Henry Vandenberg
Batting: LHB Sixto Álvarez 0-0: Fly out, F6 (Popup, 6MD)
Batting: LHB Chris McKinney 0-0: Foul Ball, location: 2F
0-1: Fly out, F9 (Line Drive, 9M)
Bottom of the 7th over - 0 run(s), 0 hit(s), 0 error(s), 1 left on base; Fort Worth 2 - Provo 2
TOP OF THE 8TH
Fort Worth Panthers batting - Pitching for Provo Mango : RHP Jim Unknown
Pitching: LHP Jim Unknown
Batting: RHB Esteban Garza 0-0: Called Strike
0-1: Ball
1-1: Foul Ball, location: 2F
1-2: Strikes out swinging
Batting: RHB José Casarreal 0-0: Ball
1-0: Ball
2-0: SINGLE (Line Drive, 7LS)
Batting: LHB Barton McCann 0-0: Hit by Pitch
José Casarreal to second
Pinch Hitting: RHB Jim Unknown 0-0: Ball
1-0: Ball
Balk!
José Casarreal to third
Barton McCann to second
2-0: Ground out 6-3 (Groundball, 6)
Batting: RHB Harrison Blackford 0-0: Ball
1-0: Ground out 5-3 (Groundball, 56)
Top of the 8th over - 0 run(s), 1 hit(s), 0 error(s), 2 left on base; Fort Worth 2 - Provo 2
BOTTOM OF THE 8TH
Provo Mango batting - Pitching for Fort Worth Panthers : LHP Henry Vandenberg
Now in LF: Jim Unknown
Batting: LHB Jim Unknown 0-0: Ball
1-0: SINGLE (Groundball, 34)
Batting: RHB Jim Unknown 0-0: SINGLE (Groundball, 6MD)
Jim Unknown to second
Runner from 2nd tries for 3rd, SAFE, no throw or cutoff
Batting: RHB Logan Manning 0-0: Swinging Strike
0-1: Foul Ball, location: 2F
0-2: Ball
1-2: Strikes out looking
Pinch Hitting: RHB John Aston 0-0: Hit by Pitch
Jim Unknown to second
Batting: SHB Jim Unknown 0-0: Grounds into double play, 6-4-3 (Groundball, 6)
Bottom of the 8th over - 0 run(s), 2 hit(s), 0 error(s), 2 left on base; Fort Worth 2 - Provo 2
TOP OF THE 9TH
Fort Worth Panthers batting - Pitching for Provo Mango : LHP Jim Unknown
Pitching: RHP Jim Unknown
Now in CF: Carlos Schultz
Batting: RHB Alfonso Baca 0-0: Fly out, F7 (Flyball, 7M)
Batting: RHB Jim Unknown 0-0: Called Strike
0-1: Ball
1-1: DOUBLE (Groundball, 5L)
Pinch Hitting: SHB Jim Unknown 0-0: Ground out 1-3 (Groundball, 13S)
Jim Unknown to third
Batting: RHB Jim Unknown 0-0: Swinging Strike
0-1: Foul Ball, location: 2F
0-2: Ball
1-2: Ball
2-2: Foul Ball, location: 2F
2-2: SINGLE (Flyball, 8RS) - OUT at second base trying to stretch hit.
Jim Unknown scores
Top of the 9th over - 1 run(s), 2 hit(s), 0 error(s), 0 left on base; Fort Worth 3 - Provo 2
BOTTOM OF THE 9TH
Provo Mango batting - Pitching for Fort Worth Panthers : LHP Henry Vandenberg
Pitching: RHP Luis Cardona
Now at 1B: Jim Unknown
Batting: RHB Jim Unknown 0-0: Foul Ball, location: 2F
0-1: Ball
1-1: Foul Ball, location: 2F
1-2: Ball
2-2: Ball
3-2: Foul Ball, location: 2F
3-2: Base on Balls
Batting: LHB Jim Unknown 0-0: Ball
1-0: Foul Ball, location: 2F
1-1: Ball
2-1: Bunt - Flyout! F2
Batting: LHB Sixto Álvarez 0-0: Called Strike
0-1: Swinging Strike
0-2: Ball
1-2: Strikes out swinging
Batting: LHB Chris McKinney 0-0: Called Strike
0-1: Ball
1-1: Called Strike
1-2: Fly out, F9 (Flyball, 89M)
Bottom of the 9th over - 0 run(s), 0 hit(s), 0 error(s), 1 left on base; Fort Worth 3 - Provo 2
This league is powered by Out of the Park Baseball, the baseball management simulation game for PC, Mac and Linux
Friday, October 23rd, 2015 - OOTP Baseball 16.9 Build 39